 Dungeon Crawl Stone Soup version 0.31-a0-263-ge8cad7f256 (webtiles) character file.

Game seed: 8699010088249307450

425586 pyrow613 the Executioner (level 21, -12/200 HPs)
             Began as a Demigod Fighter on May 23, 2023.
             Mangled by a spriggan berserker
             ... wielding a +0 war axe
             ... led by the Enchantress
              (18 damage)
             ... on level 2 of the Depths on July 13, 2023.
             The game lasted 04:50:17 (68432 turns).

pyrow613 the Executioner (Demigod Fighter)         Turns: 68432, Time: 04:50:18

Health: -12/200    AC: 41    Str: 39    XL:     21   Next: 76%
Magic:  25/25      EV: 12    Int: 19    God:
Gold:   5652       SH:  0    Dex: 16    Spells: 19/20 levels left

rFire   + + .        a - +7 broad axe (heavy)
rCold   + . .        U - +8 tower shield {AC+3}
rNeg    + . .        A - +5 gold dragon scales "Xupere" {rPois rF+ rC+ Int+2 SInv}
rPois   +            P - +1 hat of the Forest {rF+ rCorr Str+3 Int+3}
rElec   .            K - scarf {repulsion}
rCorr   +            p - +2 pair of gloves
SInv    +            z - +2 pair of boots
Will    +++++        r - amulet of the Four Winds {rN+ Will+++ Clar} Stlth
                     D - ring of Wariness {AC+4 Stlth+}
HPRegen 0.53/turn    G - +5 ring of evasion
MPRegen 0.19/turn

%: repel missiles, clarity
@: confused, about to teleport, ambrosia-drunk
A: high MP 1, forlorn, divine attributes, berserk 1, clever 1, clumsy 2,
deterioration 1, poison resistance
}: 2/15 runes: decaying, serpentine
a: no special abilities


You were on level 2 of the Depths.
You visited 9 branches of the dungeon, and saw 42 of its levels.
You also visited: Bailey, Gauntlet and Ice Cave.

You collected 9030 gold pieces.
You spent 3378 gold pieces at shops.

Inventory:

Hand Weapons
 a - a +7 heavy broad axe (weapon)
 b - a +2 hand axe of flaming
 w - the +7 hand axe of the Fox {holy, *Corrode rN+ Dex+2 SInv}
   (You found it on level 8 of the Dungeon)

   Dex:       It affects your dexterity (+2).
   rN:        It protects you from negative energy.
   SInv:      It lets you see invisible.
   *Corrode:  It may corrode you when you take damage.
 B - the +8 frozen axe "Frostbite" {freeze, freezing cloud, *Noise Fly rC+}
   (You found it on level 1 of the Depths)

   rC:        It protects you from cold.
   Fly:       It grants you flight.
   *Noise:    It may make noises in combat.
Missiles
 e - 28 javelins (quivered)
 y - 42 poisoned darts
Armour
 l - a +2 cloak
 p - a +2 pair of gloves (worn)
 z - a +2 pair of boots (worn)
 A - the +5 gold dragon scales "Xupere" (worn) {rPois rF+ rC+ Int+2 SInv}
   (You acquired it on level 2 of the Orcish Mines)

   Int:       It affects your intelligence (+2).
   rF:        It protects you from fire.
   rC:        It protects you from cold.
   rPois:     It protects you from poison.
   SInv:      It lets you see invisible.
 K - a scarf of repulsion (worn)
 P - the +1 hat of the Forest (worn) {rF+ rCorr Str+3 Int+3}
   (You found it in a Gauntlet)

   Str:       It affects your strength (+3).
   Int:       It affects your intelligence (+3).
   rF:        It protects you from fire.
   rCorr:     It protects you from acid and corrosion.
 U - a +8 tower shield of protection (worn)
Jewellery
 r - the amulet of the Four Winds (around neck) {rN+ Will+++ Clar}
   (You bought it in a shop on level 12 of the Dungeon)

   [amulet of nothing]

   rN:        It protects you from negative energy.
   Clar:      It protects you from confusion, rage, mesmerisation and fear.
   Will:      It greatly increases your willpower.
 v - a ring of magical power
 D - the ring of Wariness (left hand) {AC+4 Stlth+}
   (You found it on level 1 of the Depths)

   [ring of protection]

   AC:        It affects your AC (+4).
   Stlth:     It makes you more stealthy.
 E - the amulet "Neliodesm" {Faith rN+}
   (You took it off a deep elf demonologist on level 3 of the Elven Halls)

   [amulet of faith]

   It allows you to gain divine favour quickly.
   rN:        It protects you from negative energy.
 G - a +5 ring of evasion (right hand)
 H - a ring of positive energy
 R - an amulet of reflection
Wands
 k - a wand of flame (116)
 o - a wand of paralysis (32)
 t - a wand of polymorph (23)
 L - a wand of roots (32)
 T - a wand of mindburst (15)
 V - a wand of light (24)
 X - a wand of digging (12)
Scrolls
 d - 6 scrolls of poison
 f - 2 scrolls of enchant armour
 g - a scroll of silence
 i - 2 scrolls of teleportation
 m - 2 scrolls of blinking
 x - 4 scrolls of revelation
 C - a scroll of amnesia
 I - a scroll of summoning
 O - 15 scrolls of identify
 W - 7 scrolls of fear
 Y - a scroll of fog
Potions
 c - 3 potions of curing
 h - 14 potions of ambrosia
 j - 3 potions of berserk rage
 n - a potion of mutation
 q - a potion of resistance
 s - 6 potions of might
 u - a potion of heal wounds
 F - 5 potions of cancellation
 J - 11 potions of haste
 M - 7 potions of brilliance
 N - 10 potions of enlightenment
 Q - 2 potions of magic
Miscellaneous
 S - a box of beasts


   Skills:
 * Level 19.7 Fighting
 + Level 22.5 Axes
 - Level 6.1 Throwing
 + Level 17.2 Armour
 + Level 17.2 Shields
 - Level 5.8 Evocations


You had 19 spell levels left.
You knew the following spells:

 Your Spells              Type           Power      Damage    Failure   Level
a - Apportation           Tloc           0%         N/A       94%         1

Your spell library contained the following spells:

 Spells                   Type           Power      Damage    Failure   Level
 Magic Dart               Conj           0%         1d3       94%         1
 Necrotise                Necr           0%         1d4       94%         1
 Summon Small Mammal      Summ           0%         N/A       94%         1
 Poisonous Vapours        Pois/Air       0%         N/A       98%         2
 Scorch                   Fire           0%         2d5       98%         2
 Searing Ray              Conj           0%         2d4       98%         2
 Static Discharge         Conj/Air       0%         2-2/arc   98%         2
 Sublimation of Blood     Necr           0%         N/A       98%         2
 Call Canine Familiar     Summ           0%         N/A       100%        3
 Dazzling Flash           Conj/Hex       0%         N/A       100%        3
 Frozen Ramparts          Ice            0%         1d1       100%        3
 Gell's Gravitas          Tloc           0%         N/A       100%        3
 Hailstorm                Conj/Ice       0%         3d3       100%        3
 Inner Flame              Hex/Fire       0%         N/A       100%        3
 Mephitic Cloud           Conj/Pois/Air  0%         N/A       100%        3
 Ozocubu's Armour         Ice            0%         N/A       100%        3
 Portal Projectile        Hex/Tloc       0%         N/A       100%        3
 Stone Arrow              Conj/Erth      0%         3d7       100%        3
 Summon Guardian Golem    Hex/Summ       0%         N/A       100%        3
 Teleport Other           Tloc           0%         N/A       100%        3
 Tukima's Dance           Hex            0%         N/A       100%        3
 Airstrike                Air            0%         2d(0-16)  100%        4
 Anguish                  Hex/Necr       0%         N/A       100%        4
 Animate Armour           Summ/Erth      0%         N/A       100%        4
 Cause Fear               Hex            0%         N/A       100%        4
 Flame Wave               Conj/Fire      0%         2d4       100%        4
 Fulminant Prism          Conj/Hex       0%         3d5       100%        4
 Leda's Liquefaction      Hex/Erth       0%         N/A       100%        4
 Olgreb's Toxic Radiance  Pois           0%         N/A       100%        4
 Petrify                  Tmut/Erth      0%         N/A       100%        4
 Sticky Flame             Conj/Fire      0%         2d3       100%        4
 Summon Ice Beast         Ice/Summ       0%         N/A       100%        4
 Summon Lightning Spire   Summ/Air       0%         N/A       100%        4
 Agony                    Necr           0%         N/A       100%        5
 Fireball                 Conj/Fire      0%         3d3       100%        5
 Freezing Cloud           Conj/Ice/Air   0%         6-21      100%        5
 Irradiate                Conj/Tmut      0%         3d11      100%        5
 Iskenderun's Battlesphe  Conj           0%         2d6       100%        5
 Lee's Rapid Deconstruct  Erth           0%         3d4*      100%        5
 Metabolic Englaciation   Hex/Ice        0%         N/A       100%        5
 Silence                  Hex/Air        0%         N/A       100%        5
 Summon Forest            Summ/Tloc      0%         N/A       100%        5
 Summon Mana Viper        Hex/Summ       0%         N/A       100%        5
 Yara's Violent Unravell  Hex/Tmut       0%         3d3       100%        5
 Conjure Ball Lightning   Conj/Air       0%         3x3d6     100%        6
 Dispersal                Tloc           0%         N/A       100%        6
 Leda's Unmaking          Conj/Erth      0%         9d1       100%        6
 Simulacrum               Ice/Necr       0%         N/A       100%        6
 Summon Cactus Giant      Summ           0%         N/A       100%        6
 Enfeeble                 Hex            0%         N/A       100%        7
 Orb of Destruction       Conj           0%         9d5       100%        7
 Spellforged Servitor     Conj/Summ      0%         N/A       100%        7
 Lehudib's Crystal Spear  Conj/Erth      0%         10d2      100%        8
 Chain Lightning          Conj/Air       0%         N/A       100%        9


Dungeon Overview and Level Annotations

Branches:
Dungeon (15/15)            Temple (0/1) D:4            Lair (5/5) D:11
  Swamp (4/4) Lair:2        Snake (4/4) Lair:2        Slime (3/5) Lair:5
    Orc (2/2) D:11            Elf (3/3) Orc:2        Vaults (4/5) D:13
  Crypt (0/3) Vaults:2     Depths (2/4) D:15         Bailey (visited)
  IceCv (visited)         Gauntlet (visited)

Shops:
D:8 ?   D:10 [   D:12 *   Orc:1 !   Orc:2 ([*:   Elf:1 *   Vaults:2 ([[

Portals:
Hell: Depths:1
Abyss: Depths:1
Pandemonium: Depths:2
Bazaar: Vaults:2

Annotations:
D:9 1 runed translucent door
D:13 2 transporters
Snake:3 2 transporters
Depths:2 the Enchantress


Innate Abilities, Weirdness & Mutations

You have an increased reservoir of magic. (+10% MP)
You shall have no god before yourself.
Your divine heritage dramatically boosts your attributes as you level up.
You sometimes lose your temper in combat.
Your mind is acute. (Int +4, Str/Dex -1)
You are very clumsy. (Dex -4)
Your body sometimes deteriorates upon taking damage.
Your system is resistant to poisons. (rPois)


Message History

The Enchantress casts a spell.
You resist with almost no effort.
Your hell knight appears confused.
Your necromancer appears confused.
Your hell knight appears confused. x3
Your hell knight resists with almost no effort.
Your hell knight easily resists.
Your hell knight appears confused.
Your fire dragon appears confused.
Your stone giant appears confused.
The stone giant hits you!
* * * LOW HITPOINT WARNING * * *
The spriggan air mage waves its arms in wide circles.
The air twists around and strikes you.
The spriggan defender hits you with a +1 rapier of protection.
* * * LOW HITPOINT WARNING * * *
Your hell knight hits your necromancer with a +4 broad axe of flaming!
Your hell knight burns your necromancer.
The Enchantress blocks your hell knight's attack.
Your hell knight utters an invocation to its god.
Your hell knight seems to speed up.
Your hell knight barely misses the spriggan air mage.
Your necromancer hits your hell knight with a +0 dagger of venom.
Your hell knight is poisoned.
Your hell knight utters an invocation to its god.
Your hell knight seems to speed up.
Unknown command.
You feel much better.
The spriggan berserker hits you with a +0 war axe!!
* * * LOW HITPOINT WARNING * * *
The spriggan berserker hits your hell knight with a +0 war axe!!
The spriggan berserker hits your stone giant with a +0 war axe.
The spriggan berserker hits your hell knight with a +0 war axe!
A green ugly thing comes into view. x2
The spriggan air mage waves its arms in wide circles.
The air twists around and strikes your hell knight!!
The spriggan air mage hits you but does no damage.
The spriggan defender hits you with a +1 rapier of protection!
* * * LOW HITPOINT WARNING * * *
The Enchantress blocks your hell knight's attack.
The Enchantress hits your stone giant with a +0 antimagic demon whip!
The spriggan berserker hits you with a +0 war axe!!
You die...

#.#. #..∩ ..
.#.##......##..
.##...........#.
#u.......#......
u.i..p##.....
#.pipp......
#..iC..p...#
#..i@iD.D..##
..T.D.C.pppi...#
..T............##
.............#).##
.....##.....####D##
..... ##....# ##.#
..#. #..... ###
#### #####.#


You could see the Enchantress (repels missiles, ally target, reflecting), 2 fire
dragons, a stone giant, a spriggan defender, 2 ugly things, 2 deep trolls, a
spriggan berserker (berserk, regenerating, strong-willed, ally target), 3
spriggan air magi, a friendly fire dragon (summoned, confused), a friendly stone
giant (summoned, confused), 7 friendly hell knights and a friendly necromancer
(summoned, confused).

Vanquished Creatures
  Mara (Vaults:3)
  Vashnia (Snake:4)
  Rupert (Lair:3)
  Zenata (Vaults:4)
  A lich (Vaults:3)
  2 deep elf blademasters (Elf:3)
  A titan (Vaults:4)
  Asterion (Snake:4)
  2 deep elf master archers (Elf:3)
  A quicksilver dragon (Vaults:4)
  A thorn hunter (Swamp:3)
  6 acid blobs
  4 sphinxes
  5 tengu reavers
  Kirke (Swamp:1)
  Frances (Swamp:1)
  Agnes (Snake:3)
  Roxanne (Swamp:2)
  8 rockslimes
  7 azure jellies
  3 nagarajas (Snake:4)
  A fenstrider witch (Swamp:4)
  7 deep elf sorcerers
  2 frost giants
  14 vault wardens
  A balrug (Depths:1)
  Aizul (Snake:2)
  Louise (Swamp:4)
  2 spriggan defenders (Depths:2)
  4 war gargoyles
  3 orc warlords
  3 deep elf elementalists
  A reaper (IceCv)
  13 ironbound preservers
  8 very ugly things (Depths:1)
  7 quicksilver oozes
  8 ironbound thunderhulks
  3 eleionomae
  Azrael (Orc:2)
  7 stone giants
  6 deep elf demonologists
  4 bunyips
  2 spark wasps (Depths:1)
  6 deep elf annihilators (Elf:3)
  A minotaur (Gauntlet)
  3 dire elephants
  Snorg (D:11)
  3 formless jellyfish
  11 deep elf death magi
  The ghost of Bogegiuh the Cleaver, a journeyman DsBe of Trog (Orc:1)
  2 ettins
  9 yaktaur captains
  Josephine (D:15)
  6 fire dragons
  2 deep elf high priests
  A shambling mangrove (Swamp:3)
  3 great orbs of eyes
  An entropy weaver (D:13)
  3 rakshasas
  26 hydras
  4 ice dragons (Depths:1)
  9 vault guards
  19 centaur warriors
  11 anacondas
  2 peacekeepers (Vaults:2)
  4 ghost crabs
  Fannar (D:11)
  An ogre mage (Orc:1)
  Erolcha (Orc:2)
  A salamander tyrant (Snake:4)
  11 ironbound frosthearts
  21 dancing weapons
  2 catoblepae (Lair:3)
  3 alligator snapping turtles (Snake:1)
  4 two-headed ogres
  20 naga warriors
  3 boulder beetles
  6 alligators
  A death knight (D:15)
  3 deep troll shamans (Depths:1)
  7 death yaks (Lair:3)
  A tengu warrior (Depths:2)
  A vampire mage (Depths:1)
  2 deep troll earth magi (Depths:1)
  14 naga sharpshooters
  Urug (D:13)
  2 spriggan berserkers (Depths:2)
  7 shock serpents
  6 orc high priests
  3 salamander mystics (Snake:4)
  Nergalle (Lair:2)
  A skyshark (Lair:3)
  11 deep elf knights
  An iron troll (Depths:1)
  6 skeletal warriors
  A sun demon (Depths:1)
  2 sea snakes (Snake:1)
  4 glowing orange brains
  10 goliath frogs
  32 deep trolls
  4 spriggan druids
  13 swamp dragons
  A death drake (Swamp:3)
  4 bog bodies
  11 deep elf archers
  A phantasmal warrior (Vaults:2)
  6 naga ritualists
  14 lindwurms
  8 wizards
  26 deep elf zephyrmancers
  4 necromancers
  3 orc knights
  5 harpies
  17 ironbound convokers
  A harpy (shapeshifter) (Elf:1)
  32 deep elf pyromancers
  24 ugly things
  2 wolf spiders
  A stone giant zombie (Vaults:1)
  12 mana vipers
  11 salamanders
  8 manticores
  8 orc sorcerers
  9 cyclopes
  5 shining eyes
  6 will-o-the-wisps
  17 vault sentinels
  45 black mambas
  26 naga magi
  2 eyes of devastation
  A smoke demon (Depths:1)
  21 cane toads
  7 guardian serpents
  Maggie (D:9)
  An ice statue (IceCv)
  2 gargoyles
  An unseen horror (shapeshifter) (D:13)
  Psyche (D:11)
  8 komodo dragons
  42 yaktaurs
  A hellion (Gauntlet)
  A yaktaur zombie (Vaults:4)
  An elf skeleton (Vaults:1)
  3 rime drakes
  2 minotaur zombies (Gauntlet)
  2 freezing wraiths
  3 kobold demonologists (D:9)
  4 tengu conjurers
  7 trolls
  Prince Ribbit (Bailey)
  A queen bee (Lair:1)
  2 polar bears
  A wolf spider simulacrum (D:14)
  15 hornets
  7 tyrant leeches
  6 dream sheep (Lair:3)
  A snapping turtle (Snake:1)
  5 blink frogs (Lair:4)
  An ettin zombie (Vaults:4)
  4 air elementals
  A culicivora (Vaults:1)
  73 slime creatures
  12 spriggans
  A deep troll skeleton (Vaults:4)
  53 yaks
  14 wyverns
  10 wraiths
  Sigmund (D:4)
  2 vampires
  7 fire elementals
  6 water elementals
  2 dire elephant simulacra (IceCv)
  5 basilisks
  A human (shapeshifter) (D:14)
  10 humans (Bailey)
  2 steam dragons
  Grum (D:9)
  A golden eye (Slime:2)
  5 hogs (Swamp:1)
  2 death yak simulacra (IceCv)
  26 vampire mosquitoes
  7 redbacks
  7 wargs
  A harpy simulacrum (IceCv)
  2 glowing shapeshifter zombies (Vaults:1)
  2 human zombies (Vaults:4)
  44 nagas
  11 swamp worms
  4 hydra simulacra (IceCv)
  An ogre zombie (Vaults:1)
  26 water moccasins
  An acid dragon (D:14)
  2 floating eyes
  6 hell hounds
  3 ice beasts
  3 black bears (D:11)
  35 orc warriors
  6 swamp drakes
  6 ogres
  12 wolves
  4 boggarts (Vaults:2)
  13 centaurs
  3 phantoms
  2 kobold brigands (D:9)
  23 bullfrogs
  5 two-headed ogre simulacra (IceCv)
  3 earth elementals
  2 scorpions
  2 cane toad simulacra (IceCv)
  39 killer bees
  An elephant simulacrum (IceCv)
  3 electric eels
  3 howler monkeys
  3 jellies
  20 orc priests
  2 hounds
  5 sleepcaps
  6 iguanas
  30 orc wizards
  A hell rat (Elf:2)
  2 polar bear simulacra (IceCv)
  6 spriggan simulacra (IceCv)
  6 troll simulacra (IceCv)
  2 wolf simulacra (IceCv)
  3 gnolls (D:6)
  9 adders
  4 naga simulacra (IceCv)
  3 shadow imps
  7 white imps (IceCv)
  3 ufetubi (IceCv)
  13 dart slugs
  111 orcs
  5 ball pythons
  4 bats
  5 endoplasms
  5 giant cockroaches
  6 goblins
  7 hobgoblins
  14 jackals
  6 kobolds
  2 quokkas
  3 frilled lizards
  2 rats (D:2)
  A spectral weapon (Snake:4)
1761 creatures vanquished.

Vanquished Creatures (collateral kills)
  Donald (Snake:3)
  A frost giant (Depths:2)
  An orc warrior (Orc:2)
  An orc (D:11)
4 creatures vanquished.

Vanquished Creatures (others)
  A spriggan air mage (Depths:1)
  A naga sharpshooter (Snake:4)
  A deep elf knight (Elf:1)
  A deep troll (Vaults:3)
  A naga ritualist (Snake:2)
  An ironbound convoker (Vaults:1)
  3 deep elf pyromancers
  2 deep elf zephyrmancers (Elf:1)
  A manticore (Elf:2)
  A swamp drake (Swamp:4)
  A boggart (Vaults:2)
  An electric eel (D:11)
  2 orcs (Orc:2)
  40 foxfires
57 creatures vanquished.

Grand Total: 1822 creatures vanquished

Notes
Turn   | Place    | Note
-------+----------+-------------------------------------------
     0 | D:1      | pyrow613 the Demigod Fighter began the quest for the Orb.
     0 | D:1      | Reached XP level 1. HP: 18/18 MP: 3/3
    77 | D:1      | Reached skill level 2 in Axes
   129 | D:1      | Reached XP level 2. HP: 22/25 MP: 4/4
  1166 | D:2      | Reached XP level 3. HP: 27/30 MP: 5/5
  1583 | D:3      | Reached skill level 3 in Axes
  1583 | D:3      | Reached XP level 4. HP: 34/38 MP: 6/6
  2144 | D:4      | Reached XP level 5. HP: 45/45 MP: 7/7
  2253 | D:4      | Noticed Sigmund
  2271 | D:4      | Killed Sigmund
  2272 | D:4      | Reached skill level 4 in Axes
  2272 | D:4      | Reached XP level 6. HP: 52/52 MP: 8/8
  2323 | D:4      | Found a staircase to the Ecumenical Temple.
  3161 | D:5      | Entered Level 5 of the Dungeon
  3287 | D:5      | Reached XP level 7. HP: 56/59 MP: 9/9
  3466 | D:5      | Reached skill level 5 in Axes
  3799 | D:5      | Noticed a hornet
  3811 | D:5      | Killed a hornet
  4099 | D:6      | Reached skill level 6 in Axes
  4099 | D:6      | Reached XP level 8. HP: 32/67 MP: 10/10
  4267 | D:6      | Reached skill level 5 in Shields
  4285 | D:6      | Identified the +0 robe of Hopscotch {Fly rF- Int+5 Stlth+}
  4330 | D:6      | Reached skill level 5 in Fighting
  4330 | D:6      | Reached skill level 5 in Armour
  5132 | D:7      | Reached skill level 7 in Axes
  5359 | D:7      | Reached XP level 9. HP: 59/75 MP: 11/11
  6163 | D:8      | Found a flagged portal.
  6170 | D:8      | Identified the +7 hand axe of the Fox {holy, *Corrode rN+
                  | Dex+2 SInv}
  6174 | Bailey   | Entered a bailey
  6206 | Bailey   | Reached skill level 8 in Axes
  6557 | Bailey   | Reached XP level 10. HP: 69/84 MP: 13/13
  6650 | Bailey   | Reached skill level 9 in Axes
  6817 | Bailey   | Noticed a vault guard
  6819 | Bailey   | Noticed Prince Ribbit
  6836 | Bailey   | Killed a vault guard
  6845 | Bailey   | Killed Prince Ribbit
  7023 | Bailey   | Noticed a vault guard
  7064 | Bailey   | Killed a vault guard
  7315 | D:8      | Found Wimust's Magic Scroll Boutique.
  7327 | D:8      | Bought a scroll of summoning for 133 gold pieces
  7948 | D:8      | Reached skill level 10 in Axes
  8141 | D:9      | Noticed a soul eater
  8711 | D:9      | Noticed a rust devil
  8860 | D:9      | Reached XP level 11. HP: 48/93 MP: 14/14
  9130 | D:9      | Noticed Grum
  9140 | D:9      | Killed Grum
  9218 | D:9      | Noticed an ogre mage
  9218 | D:9      | Noticed a fire crab
  9219 | D:9      | Found a runed translucent door.
  9221 | D:9      | Identified the ring of Ekker Kom {rElec rN+ Int+4}
  9221 | D:9      | Noticed an ogre mage
  9221 | D:9      | Noticed a centaur warrior
  9391 | D:9      | Noticed Maggie
  9409 | D:9      | Killed Maggie
  9748 | D:10     | Entered Level 10 of the Dungeon
 10080 | D:10     | Reached skill level 11 in Axes
 10673 | D:10     | Found Lutiej's Armour Emporium.
 10699 | D:10     | Noticed an Executioner
 11184 | D:11     | Noticed a two-headed ogre
 11477 | D:11     | Noticed Fannar
 11525 | D:11     | Killed Fannar
 11707 | D:11     | Upgraded the game from 0.31-a0-75-g6fe912e8c5 to
                  | 0.31-a0-95-g6fa058ef04
 11722 | D:11     | Noticed Psyche
 11911 | D:11     | Noticed Snorg
 11926 | D:11     | Killed Snorg
 12098 | D:11     | Found a staircase to the Lair.
 12369 | D:11     | Killed Psyche
 13062 | D:11     | Found a staircase to the Orcish Mines.
 13174 | D:11     | Noticed a centaur warrior
 13191 | D:11     | Killed a centaur warrior
 13192 | D:11     | Reached skill level 12 in Axes
 13429 | D:11     | Killed a two-headed ogre
 13430 | D:11     | Reached XP level 12. HP: 97/102 MP: 15/15
 13573 | Lair:1   | Entered Level 1 of the Lair of Beasts
 13945 | Lair:1   | Identified the +0 rapier "Ulecikom" {antimagic, rElec rPois
                  | rF+ rC+}
 13982 | Lair:1   | Reached skill level 14 in Axes
 13982 | Lair:1   | Reached XP level 13. HP: 111/111 MP: 16/16
 15445 | Lair:2   | Found a staircase to the Snake Pit.
 15519 | Lair:2   | Identified the +5 long sword "Unuthuyg" {vamp, Will+ Int+3}
 15634 | Lair:2   | Found a staircase to the Swamp.
 16040 | Lair:2   | Noticed Nergalle
 16587 | Orc:1    | Entered Level 1 of the Orcish Mines
 17122 | Orc:1    | Reached skill level 15 in Axes
 17231 | Orc:1    | Found Vimmeczayth's Distillery.
 17239 | Orc:1    | Bought a potion of might for 52 gold pieces
 17239 | Orc:1    | Bought a potion of might for 52 gold pieces
 17239 | Orc:1    | Bought a potion of haste for 130 gold pieces
 17239 | Orc:1    | Bought a potion of haste for 130 gold pieces
 17470 | Orc:1    | Found a runed translucent door.
 17477 | Orc:1    | Noticed Bogegiuh's ghost (journeyman DsBe)
 17501 | Orc:1    | Killed Bogegiuh's ghost
 17502 | Orc:1    | Reached skill level 10 in Fighting
 17627 | Orc:2    | Entered Level 2 of the Orcish Mines
 17676 | Orc:2    | Reached skill level 10 in Armour
 17676 | Orc:2    | Reached skill level 10 in Shields
 17734 | Orc:2    | Identified a scroll of acquirement
 17734 | Orc:2    | Acquired the +5 gold dragon scales "Xupere" {rPois rF+ rC+
                  | Int+2 SInv}
 17889 | Orc:2    | Noticed Azrael
 17900 | Orc:2    | Found a staircase to the Elven Halls.
 18127 | Orc:1    | Paralysed by an ogre mage for 4 turns
 18393 | Orc:2    | Killed Azrael
 18554 | Orc:2    | Reached XP level 14. HP: 121/121 MP: 17/17
 18584 | Orc:2    | Found Ocaul's Book Emporium.
 18629 | Orc:2    | Noticed Erolcha
 18643 | Orc:2    | Killed Erolcha
 19285 | Orc:2    | Found Xeppih's General Store.
 19319 | Orc:2    | Noticed an orc warlord
 19387 | Orc:1    | Killed an orc warlord
 19431 | Orc:2    | Found Kewod's Antique Armour Boutique.
 19433 | Orc:2    | Found Oqiacon's Antique Weapon Shop.
 19452 | Orc:2    | Bought a pair of slimy boots for 332 gold pieces
 19452 | Orc:2    | Identified the +1 pair of boots of the Stag {-Tele rCorr
                  | Str+3 Int+2} (You bought it in a shop on level 2 of the
                  | Orcish Mines)
 19882 | D:12     | Found Silarih's Assorted Antiques.
 19978 | D:12     | Identified the +1 leather armour "Uwesej" {rN++ Str+3}
 20433 | D:13     | Found a transporter.
 20517 | D:13     | Found a gate to the Vaults.
 20711 | D:13     | Found a gate leading to a gauntlet.
 20720 | Gauntlet | Entered a Gauntlet
 20720 | Gauntlet | Found a transporter.
 20729 | Gauntlet | Found a transporter.
 20749 | Gauntlet | Found a transporter.
 20749 | Gauntlet | Found a transporter.
 20769 | Gauntlet | Found a transporter.
 20782 | Gauntlet | Found a transporter.
 20783 | Gauntlet | Found a runed translucent door.
 20787 | Gauntlet | Found a transporter.
 20791 | Gauntlet | Found a transporter.
 20801 | Gauntlet | Found a runed translucent door.
 20822 | Gauntlet | Found a transporter.
 20842 | Gauntlet | Found a transporter.
 20846 | Gauntlet | Found a transporter.
 20854 | Gauntlet | Found a transporter.
 20984 | Gauntlet | Reached skill level 16 in Axes
 21002 | Gauntlet | Identified the +1 hat of the Forest {rF+ rCorr Str+3 Int+3}
 21160 | Gauntlet | Identified the +4 ring mail "Miuf Tegh" {+Blink rPois rN++
                  | Stlth-}
 21361 | D:13     | Found a transporter.
 21387 | D:13     | Noticed Urug
 21399 | D:13     | Killed Urug
 22699 | D:15     | Entered Level 15 of the Dungeon
 23359 | D:15     | Found a staircase to the Depths.
 23810 | D:15     | Noticed Josephine
 23820 | D:15     | Killed Josephine
 24135 | Lair:2   | Killed Nergalle
 24136 | Lair:2   | Reached XP level 15. HP: 111/130 MP: 18/18
 24197 | Lair:3   | Noticed Rupert
 24804 | Lair:3   | Reached skill level 17 in Axes
 25935 | Lair:3   | Killed Rupert
 27195 | Lair:5   | Entered Level 5 of the Lair of Beasts
 27198 | Lair:5   | Found a staircase to the Slime Pits.
 27218 | Lair:5   | Found a frozen archway.
 27254 | IceCv    | Entered an ice cave
 28360 | IceCv    | Identified the ring "Tinycive" {rF+ Str+6}
 28922 | Snake:1  | Entered Level 1 of the Snake Pit
 30279 | Snake:1  | Reached skill level 18 in Axes
 30632 | Snake:1  | Identified the +1 mace "Unoer" {antimagic, rElec rF- Str-4
                  | Int+7}
 31413 | Snake:1  | Reached XP level 16. HP: 94/141 MP: 19/19
 33874 | Snake:3  | Noticed Aizul
 34042 | Snake:2  | Killed Aizul
 35384 | Snake:3  | Noticed Agnes
 35394 | Snake:3  | Killed Agnes
 35537 | Snake:3  | Found a transporter.
 35682 | Snake:3  | Noticed Donald
 35685 | Snake:3  | Upgraded the game from 0.31-a0-95-g6fa058ef04 to
                  | 0.31-a0-102-g33a4ccc0cb
 35690 | Snake:3  | Killed Donald
 35925 | Snake:3  | Found a transporter.
 36386 | Lair:5   | Reached skill level 19 in Axes
 36951 | Lair:5   | Got Sif Muna's Reference Book on the Coals and Ouranomancy
 37463 | Swamp:1  | Entered Level 1 of the Swamp
 37991 | Depths:1 | Entered Level 1 of the Depths
 38320 | Swamp:1  | Reached skill level 1 in Throwing
 38320 | Swamp:1  | Reached skill level 1 in Evocations
 38418 | Swamp:1  | Noticed Frances
 38430 | Swamp:1  | Killed Frances
 38509 | Swamp:1  | Noticed Kirke
 38510 | Swamp:1  | Upgraded the game from 0.31-a0-102-g33a4ccc0cb to
                  | 0.31-a0-236-g9a0961fb85
 38523 | Swamp:1  | Killed Kirke
 39011 | Swamp:2  | Noticed Roxanne
 39127 | Swamp:2  | Reached XP level 17. HP: 150/150 MP: 20/20
 39127 | Swamp:2  | Upgraded the game from 0.31-a0-236-g9a0961fb85 to
                  | 0.31-a0-237-g2d982f9f85
 39599 | Swamp:2  | Killed Roxanne
 40167 | Swamp:3  | Identified the +9 falchion "Xuhijy" {spect, +Blink rCorr
                  | Int+4 Stlth+}
 41252 | Swamp:4  | Entered Level 4 of the Swamp
 41431 | Snake:4  | Entered Level 4 of the Snake Pit
 42594 | Snake:4  | Noticed Asterion
 42902 | Snake:4  | Killed Asterion
 43694 | Snake:4  | Acquired 882 gold pieces
 43714 | Snake:4  | Noticed Vashnia
 43828 | Snake:4  | Killed Vashnia
 44092 | Snake:4  | Reached skill level 20 in Axes
 44245 | Snake:4  | Got a serpentine rune of Zot
 44914 | Elf:1    | Entered Level 1 of the Elven Halls
 45343 | Elf:1    | Found Lounem's Assorted Antiques.
 45781 | Elf:1    | Reached XP level 18. HP: 102/160 MP: 21/21
 45795 | Elf:1    | Reached skill level 5 in Throwing
 45804 | Elf:1    | Upgraded the game from 0.31-a0-237-g2d982f9f85 to
                  | 0.31-a0-263-ge8cad7f256
 46545 | Elf:1    | Paralysed by an air elemental for 1 turns
 46740 | Elf:2    | Found a runed translucent gate.
 46740 | Elf:2    | Found a runed translucent gate.
 46740 | Elf:2    | Found a runed translucent gate.
 46747 | Elf:2    | Reached skill level 5 in Evocations
 48919 | Swamp:4  | Noticed Louise
 48957 | Swamp:4  | Killed Louise
 49748 | Swamp:4  | Got a decaying rune of Zot
 50379 | Slime:1  | Entered Level 1 of the Pits of Slime
 50391 | Slime:1  | Gained mutation: You are clumsy. (Dex -2) [a shining eye]
 50395 | Slime:1  | Gained mutation: You are very clumsy. (Dex -4) [a shining
                  | eye]
 50397 | Slime:1  | Gained mutation: Potions are less effective at restoring
                  | your health. [a shining eye]
 50626 | D:12     | Bought the amulet of the Four Winds {rN+ Will+++ Clar} for
                  | 2549 gold pieces
 50626 | D:12     | Found the amulet of the Four Winds {rN+ Will+++ Clar}
 50826 | Elf:2    | Lost mutation: Potions are less effective at restoring your
                  | health. [potion of mutation]
 50826 | Elf:2    | Lost mutation: You are very clumsy. (Dex -4) [potion of
                  | mutation]
 50826 | Elf:2    | Gained mutation: You have sharp fingernails. [potion of
                  | mutation]
 50826 | Elf:2    | Gained mutation: You are very clumsy. (Dex -4) [potion of
                  | mutation]
 50826 | Elf:2    | Gained mutation: Your system is resistant to poisons.
                  | (rPois) [potion of mutation]
 50826 | Elf:2    | Gained mutation: You have sharp toenails. [potion of
                  | mutation]
 50827 | Elf:2    | Lost mutation: You are very clumsy. (Dex -4) [potion of
                  | mutation]
 50827 | Elf:2    | Lost mutation: You have sharp fingernails. [potion of
                  | mutation]
 50827 | Elf:2    | Gained mutation: Your muscles are strong. (Str +4, Int/Dex
                  | -1) [potion of mutation]
 50827 | Elf:2    | Gained mutation: Your mind is acute. (Int +4, Str/Dex -1)
                  | [potion of mutation]
 51479 | Slime:1  | Reached skill level 15 in Fighting
 52468 | Depths:1 | Identified the +4 scale mail of Narcissism {-Tele rElec
                  | Str+5 SInv}
 52673 | Depths:1 | Reached XP level 19. HP: 108/170 MP: 22/22
 53162 | Depths:1 | Found the +8 frozen axe "Frostbite" {freeze, freezing
                  | cloud, *Noise Fly rC+}
 53179 | Depths:1 | Reached skill level 21 in Axes
 53287 | Depths:1 | Found a gateway to Hell.
 53787 | Depths:1 | Found a one-way gate to the infinite horrors of the Abyss.
 53789 | Depths:1 | Identified the ring of Wariness {AC+4 Stlth+}
 53963 | Depths:1 | Reached skill level 15 in Armour
 54214 | Depths:2 | Got Nereyceo's Compendium of Arcane Combat
 54277 | Depths:2 | Noticed the Enchantress
 54546 | Vaults:1 | Entered Level 1 of the Vaults
 54554 | Vaults:1 | Reached skill level 15 in Shields
 55027 | Vaults:1 | Learned a level 1 spell: Apportation
 55040 | Vaults:1 | Gained mutation: You are vulnerable to cold. (rC-)
                  | [mutagenic glow]
 56496 | Vaults:1 | Acquired a +3 heavy broad axe
 57039 | Vaults:1 | Identified the +6 hand axe "Transmigrator" {heavy, Int+3}
 57355 | Vaults:2 | Found Gozag's Antique Armour Shoppe.
 57635 | Vaults:2 | Lost mutation: You are vulnerable to cold. (rC-) [potion of
                  | mutation]
 57635 | Vaults:2 | Lost mutation: You have sharp toenails. [potion of
                  | mutation]
 57635 | Vaults:2 | Gained mutation: You are very clumsy. (Dex -4) [potion of
                  | mutation]
 57999 | Vaults:2 | Found Gozag's Antique Weapon Emporium.
 58001 | Vaults:2 | Found Gozag's Antique Armour Shoppe.
 58049 | Vaults:2 | Reached XP level 20. HP: 167/184 MP: 24/24
 58305 | Vaults:2 | Found a gateway to a bazaar.
 58691 | Vaults:2 | Found a staircase to the Crypt.
 59312 | Vaults:3 | Noticed Mara
 59320 | Vaults:3 | Killed Mara
 60689 | Vaults:4 | Noticed Zenata
 60703 | Vaults:4 | Killed Zenata
 60843 | Vaults:4 | Acquired 592 gold pieces
 61885 | Vaults:4 | Reached skill level 22 in Axes
 62022 | Vaults:4 | Identified the ring of Xom's Amusement {rN+ Will+ SInv}
 62127 | Vaults:4 | Identified the +1 robe of Darkness {SInv}
 62128 | Vaults:4 | Identified the ring "Uskamer" {rN+ Str+4}
 62142 | Vaults:4 | Identified the amulet of Caumucoc {Acrobat rC+ rN+ Int-4
                  | Dex+5}
 62628 | Elf:2    | Reached XP level 21. HP: 183/195 MP: 25/25
 63372 | Elf:3    | Entered Level 3 of the Elven Halls
 63737 | Elf:3    | Paralysed by an air elemental for 1 turns
 63895 | Elf:3    | Paralysed by an air elemental for 1 turns
 64475 | Elf:3    | Identified the +3 great sword of Twilight {flame, *Noise
                  | Str+4}
 64768 | Elf:3    | Identified the +1 leather armour of the Bulwark {rF+ Str+2
                  | Dex-2}
 64770 | Elf:3    | Identified the amulet of the Rose {Spirit Contam Rampage
                  | rF+ rC++}
 65628 | Elf:3    | Identified the amulet "Neliodesm" {Faith rN+}
 65697 | Elf:3    | Found the -2 hat of the Alchemist {rElec rPois rF+ rC+ rN+
                  | Will+ rMut rCorr}
 65703 | Elf:3    | Got Yfaydd's Disquisition on Fluctuating Pollution
 65706 | Elf:3    | Identified the staff of Division {Int+5 Conj Poison}
 65720 | Elf:3    | Identified the +5 quick blade of Pep Siem {elec, Str+2}
 65746 | Elf:3    | Identified the +10 arbalest "Moghi" {antimagic, Drain rF++
                  | Will+++ SInv}
 65826 | Elf:3    | Acquired 1238 gold pieces
 67115 | Slime:2  | Gained mutation: You sometimes lose your temper in combat.
                  | [a shining eye]
 67551 | Slime:2  | Lost mutation: Your muscles are strong. (Str +4, Int/Dex
                  | -1) [a shining eye]
 67559 | Slime:2  | Gained mutation: Your body sometimes deteriorates upon
                  | taking damage. [a shining eye]
 68427 | Depths:2 | Found a one-way gate leading to the halls of Pandemonium.
 68429 | Depths:2 | HP: 2/200 [frost giant/bolt of cold (27)]
 68432 | Depths:2 | Mangled by a spriggan berserker

Illustrated notes

Levels and vault maps discovered:
D:1:      heliophobic_arrival_battle_scene, layout_basic
D:2:      layout_loops_cross, minmay_stone_trees_medium
D:3:      kennysheep_slugbush, layout_rooms, nicolae_uskayaw_suspiria
D:4:      layout_rooms, led_sif_pool, minmay_temple_entry_glassed_door,
          serial_aquarium, aquarium_bridge_island_small
          [aquarium_subvault_small_water, aquarium_subvault_wall,
          aquarium_subvault_bridge, aquarium_subvault_wall,
          aquarium_subvault_bridge], aquarium_bridge_long_joined
          [aquarium_subvault_window, aquarium_subvault_window,
          aquarium_subvault_bridge, aquarium_subvault_bridge,
          aquarium_subvault_wall, aquarium_subvault_bridge],
          aquarium_window_fake, aquarium_window_corridor_3,
          aquarium_window_corner, aquarium_window_1, aquarium_view_2a,
          aquarium_pool_five, minmay_vboxes, uniq_sigmund
D:5:      layout_basic, fedhas_bush_and_centaur_altar
D:6:      layout_gridville, general_overflow_altar,
          mainiacjoe_overflow_surrounded_room,
          mainiacjoe_overflow_concentric_impassable, nzn_wu_jian_contemplation
D:7:      layout_loops_cross
D:8:      layout_cave_pods, enter_bailey_2, serial_shops, shop
D:9:      minmay_gate_of_8, layout_cave_pods, eino_tiny_chamber, uniq_grum,
          uniq_maggie
D:10:     layout_layer_cave, makhleb_altar_promises_db,
          mainiacjoe_overflow_chevrons, serial_shops,
          nicolae_shop_just_a_little_nook, minmay_statues_item
D:11:     layout_irregular_city, grunt_lair_entry_orc_guard_hut, erik_orc_2,
          nicolae_qazlal_general_emergency, uniq_fannar, uniq_snorg, uniq_psyche
D:12:     layout_roguey, serial_shops, nicolae_shop_overgrown_old_shop
D:13:     layout_long_grid, david_vaults_1, gammafunk_ghost_stat_death,
          gauntlet_entry_generic, beargit_elvish_explorers, uniq_urug
D:14:     layout_roguey
D:15:     hangedman_depths_entry_try_elsewhere_first, layout_basic,
          evilmike_ruin_ashenzari, uniq_josephine
Lair:1:   layout_long_grid, grunt_megastairs_3
Lair:2:   layout_roguey [special_room_bee], minmay_swamp_entry_worms,
          minmay_snake_entry_six_corridors, beast_lair_carwin_2, uniq_nergalle
Lair:3:   layout_regular_city, grunt_forest_large_clearing_hut,
          grunt_megastairs_5, uniq_rupert
Lair:4:   beast_lair_carwin_large_2, layout_cave_shapes
Lair:5:   hangedman_lair_tendril_chambers, layout_hall_layers, slime_entry_1,
          portal_ice_cave_entry_animals_and_master
Swamp:1:  layout_basic_swamp, nicolae_swamp_triple_paths, uniq_kirke,
          uniq_frances
Swamp:2:  layout_falls_marsh, evilmike_swamp_ruin_house_3, swamp_pool4,
          uniq_roxanne
Swamp:3:  layout_falls_marsh, evilmike_swamp_ruin_rubble_1, swamp_pool4
Swamp:4:  swamp_alternative, layout_basic_swamp, swamp_pool1, uniq_louise
Snake:1:  layout_onion, nicolae_snake_herptile_family_reunion
Snake:2:  layout_basic, grunt_megastairs_4
Snake:3:  gammafunk_its_a_trap, layout_rooms, uniq_donald, uniq_agnes,
          uniq_aizul
Snake:4:  snake_pit, layout_cave_town, uniq_vashnia, uniq_asterion
Slime:1:  layout_caves
Slime:2:  layout_caves, special_room [special_room_jelly]
Slime:3:  layout_caves
Orc:1:    hellmonk_paralyzer, layout_caves, serial_shops, shop,
          gammafunk_ghost_grave
Orc:2:    grunt_orc_community_town_hall, layout_caves,
          grunt_orc_community_big_house_2, grunt_orc_community_big_house_2,
          grunt_orc_community_house_3, grunt_orc_community_house_3,
          grunt_orc_community_house_2, grunt_orc_community_house_1, uniq_azrael,
          uniq_erolcha
Elf:1:    nicolae_elf_arrival_no_cutting_in_line, layout_onion_city,
          serial_shops, shop, hangedman_elf_represent
Elf:2:    elven_hall_of_blades_hangedman_original
          [nicolae_blade_entry_area_security], layout_gridlike, special_room
          [special_room_mythical_zoo], wad_floor_pattern_2,
          hellmonk_bongcloud_opening, grunt_ministairs_11
Elf:3:    elf_hall, layout_geoelf_octagon
Vaults:1: nicolae_vaults_house_2, nicolae_vaults_two_Ls,
          nicolae_vaults_antechamber_and_loot_room, nicolae_vaults_network_star,
          nicolae_vaults_lightning_bolt, nicolae_vaults_octothorpe,
          nicolae_vaults_heist, nicolae_vaults_apartment_2,
          nicolae_vaults_double_plus_2, nicolae_vaults_six-pack,
          nicolae_vaults_house_1, nicolae_vaults_surprise_closet,
          nicolae_vaults_cochlea, vaults_standard_mumra_lines, v_misc_28,
          v_misc_23, layout_vaults_omnibox
Vaults:2: hangedman_vaults_hat, minmay_crypt_entry_simple_box,
          nicolae_vaults_network_periphery, v_misc_15,
          nicolae_vaults_puzzle_piece, kennysheep_vaults_gozag_temple, v_misc_1,
          nicolae_vaults_big_angled_halls, hangedman_vaults_capsules,
          nicolae_vaults_network_barrier, nicolae_vaults_trapezoid_lopsided_3,
          vaults_room_door_ring, v_misc_23, nicolae_vaults_little_squares_6,
          vaults_room_stairs_pillars, layout_vaults_maze, serial_shops,
          bzr_entry_lakeside
Vaults:3: vaults_standard_mumra_enter_the_diamond, v_misc_30,
          nicolae_vaults_offset_grid_hallway_4, v_misc_31, grunt_tower_of_power,
          nicolae_vaults_ellipses_ellipsis, vaults_dpeg_diagonal, v_rooms_4,
          vaults_mumra_hexcomb, grunt_vaults_diagonal, vaults_dpeg_hooks,
          nicolae_vaults_tetromino_Z_1, layout_vaults_omnicross, uniq_mara
Vaults:4: v_pattern_2, nicolae_vaults_diamond_1,
          nicolae_vaults_storing_the_good_stuff,
          nicolae_vaults_storage_room_statues, nicolae_vaults_octothorpe,
          nicolae_vaults_surprise_closet, vaults_room_corners,
          layout_vaults_chaotic_city, uniq_zenata
Depths:1: layout_honeycomb, abyss_entry_flame_altar, lightli_too_deep,
          tso_altar, grunt_megastairs_2
Depths:2: minmay_angry_zag, layout_cave_shapes, enter_ziggurat_d, pan_entry,
          hell_entry, serial_sigils_hangedman_confine,
          nicolae_hepliaklqana_hippocampus, serial_bayou_shore_a,
          uniq_enchantress

Skill      XL: |  1  2  3  4  5  6  7  8  9 10 11 12 13 14 15 16 17 18 19 20 21 |
---------------+----------------------------------------------------------------+-----
Axes           | 2 3 4 6 7 8 10 12 14 15 16 18 19 20 21 22 | 22.5
Shields        | 3 4 5 6 7 9 10 11 12 13 14 15 16 17 | 17.2
Armour         | 3 4 5 6 7 9 10 11 12 13 14 15 16 17 | 17.2
Fighting       | 3 4 5 6 7 9 10 11 12 13 14 15 17 18 19 | 19.7
Throwing       | 1 4 6 |  6.1
Evocations     | 1 4 5 |  5.8

Action                     |  1- 3 |  4- 6 |  7- 9 | 10-12 | 13-15 | 16-18 | 19-21 || total
---------------------------+-------+-------+-------+-------+-------+-------+-------++-------
  Melee: War axe           |   114 |   148 |   222 |       |       |       |    93 ||   577
         Hand axe          |       |       |   185 |   530 |  1745 |  1904 |   384 ||  4748
         Broad axe         |       |       |       |       |       |       |   901 ||   901
   Fire: Sling             |       |       |       |    80 |    14 |       |       ||    94
  Throw: Javelin           |       |     6 |     3 |    22 |    17 |    21 |     1 ||    70
         Dart              |       |     4 |     3 |     4 |    11 |     6 |       ||    28
  Evoke: Wand              |       |       |     9 |    12 |     1 |       |     2 ||    24
         Box of beasts     |       |       |       |       |     2 |     2 |     1 ||     5
    Use: Scroll            |     3 |    10 |     4 |     6 |    13 |    13 |    16 ||    65
         Potion            |     1 |       |     2 |     5 |     5 |    13 |     9 ||    35
   Stab: Paralysed         |       |       |       |     4 |     5 |       |       ||     9
         Petrified         |       |       |       |       |     2 |       |       ||     2
         Petrifying        |       |       |       |       |     1 |       |       ||     1
         Distracted        |       |       |       |       |       |     2 |       ||     2
 Armour: Scale mail        |    60 |    11 |       |       |       |       |       ||    71
         Plate armour      |       |    93 |   257 |   386 |   262 |       |       ||   998
         Gold dragon scale |       |       |       |       |   752 |   934 |   593 ||  2279
  Dodge: Dodged            |    70 |    32 |   129 |   195 |   486 |   287 |   399 ||  1598
         Repelled          |       |       |       |       |       |       |     3 ||     3
  Block: Buckler           |    30 |    30 |    90 |   214 |   994 |   190 |       ||  1548
         Reflection        |       |       |       |    15 |    30 |   269 |       ||   314
         Tower shield      |       |       |       |       |       |  2470 |  1717 ||  4187

Table legend: (Time is in decaauts)
 A = Elapsed time spent in this place.
 B = Non-inter-level travel time spent in this place.
 C = Inter-level travel time spent in this place.
 D = Time resting spent in this place.
 E = Time spent auto-exploring this place.
 F = Levels seen in this place.
 G = Mean time per level.
                   A        B        C        D        E       F      G
               +--------+--------+--------+--------+--------+-----+--------+
         Total |  68952 |  63231 |   5721 |  20258 |  28674 |  45 | 1532.3 |
       Dungeon |  19220 |  16921 |   2299 |   3603 |   9657 |  15 | 1281.3 |
          Lair |   9442 |   8353 |   1089 |   3289 |   3548 |   5 | 1888.4 |
         Swamp |   5112 |   4750 |    362 |   1439 |   2084 |   4 | 1278.0 |
     Snake Pit |  10045 |   9473 |    572 |   4679 |   2720 |   4 | 2511.2 |
    Slime Pits |   2199 |   2150 |     49 |   1041 |    687 |   3 |  733.0 |
  Orcish Mines |   2876 |   2741 |    135 |    731 |   1271 |   2 | 1438.0 |
   Elven Halls |   7116 |   6540 |    576 |   2178 |   2926 |   3 | 2372.0 |
        Vaults |   7237 |   6725 |    512 |   1122 |   3679 |   4 | 1809.2 |
        Depths |   2805 |   2680 |    125 |   1110 |   1011 |   2 | 1402.5 |
        Bailey |   1053 |   1053 |      0 |    619 |    130 |   1 | 1053.0 |
      Ice Cave |   1343 |   1343 |      0 |    444 |    659 |   1 | 1343.0 |
      Gauntlet |    498 |    498 |      0 |      0 |    300 |   1 |  498.0 |
               +--------+--------+--------+--------+--------+-----+--------+

Top non-repeatable levels by time:
    D:11: 3309 daAuts
 Snake:2: 3105 daAuts
  Lair:2: 2664 daAuts
Depths:1: 2580 daAuts
   Elf:2: 2567 daAuts
 Snake:1: 2512 daAuts
 Snake:3: 2494 daAuts
   Elf:1: 2336 daAuts
   Elf:3: 2213 daAuts
Vaults:1: 2197 daAuts
  Lair:5: 2137 daAuts
  Lair:3: 2021 daAuts
 Snake:4: 1932 daAuts
    D:10: 1888 daAuts
    D:13: 1869 daAuts
